 Dungeon Crawl Stone Soup version 0.31.0-12-g77e489cdc1 (webtiles) character file.

Game seed: 18336112712996781587

140 Cheops the Ruffian (level 5, -3/33 HPs)
             Began as an Octopode Shapeshifter on Mar 4, 2024.
             Slain by a lemure (7 damage)
             ... led by Pikel
             ... on level 4 of the Dungeon.
             The game lasted 00:09:45 (2847 turns).

Cheops the Ruffian (Octopode Shapeshifter)          Turns: 2847, Time: 00:09:46

Health: -3/33      AC:  1    Str: 15    XL:     5   Next: 22%
Magic:  5/5        EV: 13    Int: 13    God:
Gold:   273        SH:  0    Dex: 11    Spells: 4/4 levels left

rFire   . .          .
                       - Unarmed
rCold   . . .        (no shield)
rNeg    . . .        (helmet currently unavailable)
rPois   .            (no amulet)
rElec   .            (no ring)
rCorr   .            (no ring)
SInv    .            (no ring)
Will    .....        (no ring)
Stlth   ++           (no ring)
HPRegen 0.25/turn    (no ring)
MPRegen 0.09/turn    (no ring)
                     (no ring)

%: no passive effects
@: beast-form
A: beast (slay +2), almost no armour, amphibious, 8 rings, camouflage 1,
gelatinous body 1, (nimble swimmer 1), tentacles
a: Begin Untransformation


You were on level 4 of the Dungeon.
You were a hulking beast.
You visited 1 branch of the dungeon, and saw 4 of its levels.

You collected 273 gold pieces.

Inventory:

Jewellery
 q - a ring of protection from cold
Talismans
 b - a beast talisman (active)
 c - a flux talisman
Scrolls
 d - 3 scrolls of identify {unknown}
 f - a scroll of summoning {unknown}
 h - 4 scrolls of noise {unknown}
 i - a scroll of fear {unknown}
 j - 2 scrolls of vulnerability {unknown}
 k - a scroll of revelation {unknown}
 m - 2 scrolls of immolation {unknown}
 n - 2 scrolls of fog {unknown}
Potions
 a - a potion of lignification
 e - 2 potions of curing {unknown}
 g - a potion of heal wounds {unknown}
 l - a potion of mutation {unknown}
 o - 2 potions of brilliance {unknown}
 p - a potion of ambrosia {unknown}


   Skills:
 - Level 1.0 Fighting
 - Level 2.0 Dodging
 - Level 5.0 Unarmed Combat
 + Level 4.0 Shapeshifting


You had 4 spell levels left.
You didn't know any spells.
Your spell library contained the following spells:

 Spells                   Type           Power      Damage    Failure   Level
 Static Discharge         Conj/Air       0%         3-3/arc   43%         2
 Call Canine Familiar     Summ           0%         N/A       67%         3
 Sigil of Binding         Hex            0%         N/A       67%         3
 Airstrike                Air            0%         2d(0-16)  97%         4
 Dimensional Bullseye     Hex/Tloc       0%         N/A       97%         4
 Summon Lightning Spire   Summ/Air       0%         N/A       97%         4


Dungeon Overview and Level Annotations

Branches:
Dungeon (4/15)
 Temple: D:4-7

Altars:
Hepliaklqana
Trog

Annotations:
D:3 3 runed translucent doors, Terence; brilapsti's ghost, amateur DrCj
D:4 Pikel


Innate Abilities, Weirdness & Mutations

You are a hulking beast.
Your limbs bulge with bestial killing power. (Slay +2)
You cannot wear most types of armour.
You are amphibious.
You can wear up to eight rings at the same time.
Your skin changes colour to match your surroundings (Stealth+).
Your rubbery body absorbs attacks. (AC +1, EV +1)
((You are camouflaged when in or above water. (Stealth+)))
You have tentacles for arms and can constrict up to eight enemies at once.


Message History

The lemure is lightly wounded.
The lemure barely misses you.
You tentacle-slap the lemure. Your grab misses the lemure.
The lemure is moderately wounded.
The lemure hits you.
* * * LOW HITPOINT WARNING * * *
Unknown command.
Unknown command.
Unknown command.
Unknown command.
You tentacle-slap the lemure. Your grab misses the lemure.
You squeeze the lemure.
The lemure is heavily wounded.
The lemure misses you.
Unknown command.
Unknown command.
You tentacle-slap the lemure. Your grab misses the lemure.
You squeeze the lemure.
The lemure is severely wounded.
The lemure hits you.
* * * LOW HITPOINT WARNING * * *
The lemure closely misses you.
Unknown command.
Unknown command.
You barely miss the lemure. You grab the lemure. You squeeze the lemure!
You kill the lemure!
That felt strangely unrewarding.
The lemure closely misses you.
Unknown command.
You tentacle-slap the lemure. You grab the lemure.
The lemure is lightly wounded.
You constrict the lemure. The lemure hits you!
* * * LOW HITPOINT WARNING * * *
Unknown command.
Unknown command.
Unknown command.
You tentacle-slap the lemure. You squeeze the lemure.
The lemure is moderately wounded.
You constrict the lemure, but do no damage.
The lemure hits you!
You die...

............#
.............#
............#####
.
##........#......#
.
#..##.....#.....##
#.
#..........##.## .
#.###...###.#..###
..#..(##..5####..#
.......#...h.#...#
.....!....##....##
......[...###..##
.........## ####
.......### #....##
..... ##.> 5..


You could see a lemure.

Vanquished Creatures
  A lemure (D:4)
  A bombardier beetle (D:4)
  An adder (D:2)
  6 dart slugs
  A ribbon worm (D:3)
  3 orcs (D:3)
  4 ball pythons
  3 bats
  An endoplasm (D:1)
  5 giant cockroaches
  10 goblins
  6 hobgoblins
  6 quokkas
  5 frilled lizards
  7 kobolds
  23 rats
83 creatures vanquished.

Notes
Turn   | Place    | Note
-------+----------+-------------------------------------------
     0 | D:1      | Cheops the Octopode Shapeshifter began the quest for the
                  | Orb.
     0 | D:1      | Reached XP level 1. HP: 13/13 MP: 1/1
   126 | D:1      | Found a faded altar of an unknown god.
   150 | D:1      | Reached XP level 2. HP: 15/18 MP: 2/2
   388 | D:1      | Reached skill level 4 in Unarmed Combat
   562 | D:1      | Reached XP level 3. HP: 22/23 MP: 3/3
  1571 | D:3      | Reached XP level 4. HP: 28/28 MP: 4/4
  1761 | D:3      | Noticed Terence
  1880 | D:3      | Found a faded altar of an unknown god.
  1881 | D:3      | Found a hazy altar of Hepliaklqana.
  2218 | D:4      | Reached skill level 5 in Unarmed Combat
  2383 | D:3      | Found a runed translucent gate.
  2384 | D:3      | Found a runed translucent gate.
  2385 | D:3      | Noticed a scorpion
  2387 | D:3      | Noticed brilapsti's ghost (amateur DrCj)
  2388 | D:3      | Found a runed translucent gate.
  2424 | D:3      | Found a bloodstained altar of Trog.
  2632 | D:4      | Reached XP level 5. HP: 13/33 MP: 5/5
  2829 | D:4      | Noticed a lemure
  2829 | D:4      | Noticed a lemure
  2830 | D:4      | Noticed a lemure
  2830 | D:4      | Noticed a lemure
  2831 | D:4      | Noticed Pikel
  2845 | D:4      | Killed a lemure
  2847 | D:4      | Slain by a lemure

Illustrated notes

Levels and vault maps discovered:
D:1:      lemuel_arrival_funnel, layout_loops_ring, basic_ecumenical_altar
D:2:      layout_loops_corners, minmay_hedge_maze, serial_bayou_pond_d,
          nicolae_concentric_dashed_squares_wild, reono_crystal_passage
D:3:      layout_loops_ring, beargit_hepliaklqana_dungeon_heroes,
          trog_hazing_becter, gammafunk_ghost_split, corexii_shack,
          minmay_gold_behind_fungi, minmay_rat_hole, uniq_terence
D:4:      layout_cave_pools, kennysheep_little_box, serial_bayou_lagoon_b,
          uniq_pikel

Skill      XL: |  1  2  3  4  5 |
---------------+----------------+-----
Unarmed Combat | 4 5 |  5.0
Shapeshifting  | 4 |  4.0
Fighting       | |  1.0
Dodging        | |  2.0

Action                     |  1- 3 |  4- 6 || total
---------------------------+-------+-------++-------
  Melee: Unarmed           |    71 |    77 ||   148
         Constrict         |    17 |    24 ||    41
         Tentacles         |     6 |    17 ||    23
         Punch             |       |     3 ||     3
Ability: Begin Untransform |     1 |       ||     1
   Stab: Sleeping          |     8 |     1 ||     9
         Distracted        |     1 |       ||     1
 Armour: Skin              |    22 |    43 ||    65
  Dodge: Dodged            |    30 |    56 ||    86
   Form: Beast             |     1 |       ||     1
